Map: Simulacrum LE

Players

JohnnyV

  • Race: Terran Terran
  • League: Bronze
  • Spawn Location: 11:00

Liao - Winner!

  • Race: Protoss Protoss
  • League: Silver
  • Spawn Location: 5:00

VOD

Have the link to the VOD?

Description

Time

  • Played on: April 30, 2020, 9:34 a.m.
  • Length: 15:08
Show
View Real Time Build Order
Export as new Build Order

JohnnyV Terran 

Build Orders: Liberator Opening 

Get SALT Encoding   

  12  0:01  SCV  
  13  0:16  Supply Depot  
  13  0:17  SCV  
  14  0:29  SCV  
  15  0:40  Barracks  
  15  0:41  SCV  
  16  0:50  Refinery  
  16  0:53  SCV  
  17  1:05  SCV  
  18  1:17  SCV  
  19  1:28  Marine  
  19  1:29  SCV  
  21  1:33  Bunker  
  21  1:41  SCV  
  22  1:53  Factory, Marine  
  23  2:05  Command Center  
  23  2:10  Orbital Command  
  23  2:29  Supply Depot  
  23  2:31  Refinery  
  23  2:50  Marine  
  23  2:51  Widow Mine  
  26  2:55  Starport  
  26  2:56  SCV  
  27  3:04  Supply Depot  
  27  3:12  Barracks Reactor  
  27  3:32  Factory Tech Lab  
  27  3:44  Liberator  
  30  3:51  Orbital Command  
  30  3:52  Marine x2  
  32  3:59  Barracks  
  32  4:15  Engineering Bay, Siege Tank  
  35  4:17  Engineering Bay, Marine x2  
  37  4:34  Liberator  
  37  4:36  Marine x2  
  42  4:46  SCV x2  
  42  4:48  Barracks Tech Lab  
  44  4:56  Marine x2  
  44  4:58  SCV x2  
  48  5:01  Supply Depot  
  48  5:05  Supply Depot, Terran Infantry Weapons Level 1  
  48  5:10  SCV  
  49  5:37  Missile Turret  
  49  5:38  Siege Tank  
  52  5:43  Marine x3  
  52  5:44  Missile Turret  
  52  5:45  Terran Infantry Armor Level 1  
  52  5:50  Starport Reactor  
  52  6:01  Refinery  
  52  6:05  Refinery, Marine  
  52  6:06  Marauder, Marine  
  52  6:10  Combat Shield  
  56  6:31  SCV x2  
  58  6:40  Supply Depot  
  58  6:43  SCV x2  
  58  6:46  Missile Turret  
  60  6:50  Missile Turret, Marine  
  60  6:51  Marine x2  
  60  6:52  Siege Tank  
  66  6:55  SCV  
  66  6:58  Fusion Core  
  67  7:08  Marine x2  
  67  7:09  Marine  
  67  7:10  Viking  
  72  7:40  Medivac x2  
  76  7:54  Marine x2  
  78  8:00  Supply Depot  
  78  8:03  Supply Depot  
  78  8:07  Marine  
  78  8:08  SCV x2  
  78  8:11  Marine  
  82  8:20  SCV, Marine  
  82  8:22  Viking x2  
  82  8:25  Marine  
  82  8:26  Supply Depot  
  89  8:29  Marine  
  61  8:41  Marine  
  61  8:43  Marine  
  61  8:47  Marine  
  62  8:53  SCV x2, Siege Tank  
  67  8:59  Marine  
  68  9:07  Viking x2  
  68  9:09  Marine x2  
  74  9:17  Marine  
  74  9:18  SCV  
  76  9:25  Siege Tank  
  76  9:27  Marine  
  76  9:28  Marauder  
  76  9:30  SCV  
  83  9:33  Barracks  
  83  9:42  SCV  
  84  9:49  Marauder  
  86  9:53  Marine x2  
  90  10:00  Liberator  
  90  10:02  Liberator  
  94  10:10  Marine  
  94  10:11  Marine  
  96  10:22  Marine  
  96  10:26  Neosteel Armor  
  96  10:28  Marine  
  98  10:29  Marine  
  98  10:46  Marauder  
  82  11:05  Marine x2  
  82  11:07  Marauder  
  82  11:09  Medivac x2  
  90  11:14  Barracks Tech Lab  
  90  11:23  Marine x2  
  92  11:26  Supply Depot  
  92  11:28  Marine  
  92  11:30  Barracks  
  93  11:39  Armory, Viking x2  
  97  11:40  Armory  
  97  11:41  Marine x2  
  97  11:42  Marine  
  97  11:46  Concussive Shells, Marine  
  101  11:50  Widow Mine  
  103  11:58  Marine  
  103  11:59  Marine  
  105  12:12  Marine  
  105  12:13  Marine  
  107  12:22  Marine  
  107  12:23  Marine  
  107  12:25  Marine  
  110  12:31  Marauder x2  
  114  12:50  Marine x2  
  116  12:51  Marine  
  116  12:52  Marauder x2  
  121  13:07  Marine  
  122  13:13  Marauder  
  122  13:14  Marauder  
  126  13:37  Supply Depot  
  126  13:39  Supply Depot  
  126  13:50  Marauder  
  126  13:58  Marine  
  126  13:59  Marauder  
  126  14:01  Supply Depot  
  129  14:02  Marine  
  130  14:11  Marauder  
  111  14:17  Marine x2  
  111  14:20  Marauder, Marine  
  108  14:32  Marauder  
  108  14:35  Marine  
  99  14:41  Marine  
  99  14:42  Marauder, Marine  
Show
View Real Time Build Order
Export as new Build Order

Liao Protoss - Winner!

Build Orders: 1 Gate Expand, Colossus Rush 

Get SALT Encoding   

  12  0:01  Probe  
  13  0:13  Probe  
  14  0:18  Pylon  
  14  0:25  Probe  
  15  0:37  Probe  
  15  0:40  Gateway  
  16  0:49  Probe  
  17  0:50  Assimilator  
  17  1:01  Probe  
  18  1:13  Probe  
  19  1:25  Nexus  
  19  1:28  Probe  
  20  1:38  Cybernetics Core  
  20  1:41  Probe  
  21  1:47  Assimilator  
  21  1:57  Pylon  
  21  1:59  Probe  
  22  2:04  Warp Gate (Chrono Boost)  
  22  2:11  Probe  
  22  2:15  Stalker  
  25  2:24  Robotics Facility  
  25  2:26  Probe  
  26  2:38  Pylon  
  26  2:39  Probe x2  
  28  2:51  Probe  
  29  2:52  Probe  
  30  3:04  Gateway  
  30  3:06  Gateway  
  30  3:08  Probe  
  30  3:10  Probe  
  30  3:12  Observer (Chrono Boost)  
  33  3:20  Probe  
  33  3:22  Probe  
  33  3:25  Pylon  
  35  3:32  Probe  
  36  3:46  Probe, Robotics Bay  
  36  3:47  Probe  
  38  3:48  Stalker  
  40  3:59  Probe  
  40  4:00  Probe  
  40  4:01  Twilight Council  
  42  4:05  Assimilator  
  42  4:07  Assimilator  
  42  4:09  Stalker  
  44  4:11  Probe  
  44  4:12  Probe  
  46  4:23  Probe  
  46  4:24  Probe  
  48  4:36  Probe x2  
  50  4:38  Colossus  
  50  4:42  Stalker x3  
  62  4:53  Pylon  
  62  5:03  Pylon  
  62  5:07  Pylon  
  62  5:08  Extended Thermal Lance  
  62  5:11  Probe x2  
  64  5:14  Forge x2  
  64  5:23  Probe x2  
  60  5:33  Stalker x3  
  60  5:35  Probe x2  
  64  5:44  Protoss Ground Weapons Level 1  
  62  5:57  Probe x2  
  64  6:11  Probe x2  
  66  6:19  Nexus  
  66  6:21  Pylon  
  66  6:23  Protoss Ground Armor Level 1  
  66  6:24  Photon Cannon  
  66  6:26  Colossus (Chrono Boost)  
  66  6:27  Photon Cannon  
  72  6:34  Probe  
  72  6:36  Probe  
  74  6:42  Pylon  
  74  6:47  Probe  
  74  6:49  Pylon  
  74  6:52  Stalker  
  74  6:54  Probe  
  78  6:59  Probe  
  79  7:08  Probe  
  80  7:12  Probe  
  81  7:18  Photon Cannon, Observer  
  81  7:22  Photon Cannon  
  81  7:23  Probe  
  82  7:33  Gateway  
  82  7:37  Gateway  
  82  7:40  Gateway  
  82  7:41  Gateway  
  82  7:49  Protoss Ground Weapons Level 2 (Chrono Boost)  
  82  7:50  Stalker x3  
  88  7:52  Disruptor (Chrono Boost)  
  88  7:54  Probe x2  
  93  8:06  Robotics Facility  
  93  8:10  Gateway  
  93  8:11  Probe x2  
  95  8:22  Probe  
  95  8:23  Probe x2  
  94  8:35  Probe x2  
  90  8:49  Pylon  
  90  8:54  Probe x3  
  93  8:56  Nexus, Gravitic Boosters  
  93  8:59  Pylon  
  93  9:00  Observer x2  
  95  9:06  Probe x3  
  95  9:08  Assimilator  
  98  9:10  Assimilator  
  98  9:18  Protoss Ground Armor Level 2 (Chrono Boost)  
  98  9:19  Pylon  
  98  9:21  Disruptor x2  
  104  9:26  Pylon  
  104  9:37  Pylon  
  104  9:38  Pylon  
  104  9:39  Stalker x2  
  104  9:40  Stalker x2, Templar Archives  
  112  9:46  Pylon  
  112  9:48  Pylon  
  112  9:55  Blink (Chrono Boost)  
  112  9:57  Pylon  
  112  10:05  Stargate  
  112  10:07  Stargate  
  112  10:09  Pylon  
  112  10:11  Stargate  
  112  10:18  Probe x2  
  113  10:48  Stalker x4  
  113  10:49  Stalker x4  
  115  11:21  Stalker x2  
  115  11:22  Stalker x3  
  115  11:24  Probe x3  
  115  11:25  Probe  
  129  11:48  Assimilator  
  129  11:51  Zealot, Assimilator  
  129  11:52  Zealot x6  
  129  11:53  Zealot  
  145  12:11  Pylon  
  145  12:18  Gateway  
  145  12:19  Pylon, Gateway  
  145  12:22  Gateway  
  145  12:24  Gateway  
  145  12:26  Pylon  
  145  12:27  Gateway  
  145  12:30  Gateway  
  145  12:32  Gateway  
  145  12:57  Shield Battery  
  145  12:59  Shield Battery  
  145  13:02  Shield Battery  
  145  13:05  Shield Battery  
  145  13:07  Shield Battery  
  145  13:10  Shield Battery x2  
  145  13:17  Shield Battery  
  145  13:19  Probe x3, Shield Battery  
  148  13:20  Probe, Shield Battery  
  148  13:22  Shield Battery  
  148  13:25  Stalker x3  
  148  13:26  Stalker x3  
  161  13:27  Stalker  
  161  13:31  Probe x2  
  165  13:39  Phoenix  
  165  13:40  Phoenix x2  
  171  13:43  Colossus  
  171  13:44  Colossus  
  105  14:49  Stalker  
  105  14:50  Stalker x6  
  105  14:51  Stalker x2  
  105  14:52  Stalker x3  
  123  14:53  Stalker x2  
  123  14:54  Stalker  
Tags
 
Add a new tag
Caveats
  • Supply blocks, unpowered buildings, or Contaminate may cause inaccurate times.
  • Supply counts are checked every 10 seconds.